 Dungeon Sprint DCSS version bcrawl-1.31.3 (webtiles) character file.

Game seed: 17084769478826874912

1126356 Groucho the Unseen (level 9, 0/39 HPs)
             Began as a Spriggan Enchanter on Apr 21, 2021.
             Was a Follower of Dithmenos.
             Shot with a bolt by a yaktaur (29 damage)
             ... in the Dungeon (Sprint II: "The Violet Keep of Menkaure").
             The game lasted 00:06:44 (615 turns).

Groucho the Unseen (Spriggan Enchanter)              Turns: 615, Time: 00:06:45

Health: 0/39       AC:  2    Str:  6    XL:     9   Next: 5%
Magic:  13/26      EV: 21    Int: 16    God:    Dithmenos [*.....]
Gold:   640        SH:  0    Dex: 18    Spells: 16/32 levels left

rFire    . . .     SeeInvis +   a - +1 dagger
rCold    . . .     Gourm    .   (shield restricted)
rNeg     . . .     Faith    .   b - +0 robe
rPois    +         Spirit   .   (helmet restricted)
rElec    .         Reflect  .   (no cloak)
rCorr    .         Harm     .   (gloves unavailable)
MR       +....     NoTele   +   (boots unavailable)
Stlth    +++++++++.             (no amulet)
HPRegen  0.13/turn              c - ring of poison resistance
MPRegen  0.20/turn              (no ring)

@: sluggish, wreathed by umbra, very quick
A: very small, unfitting armour, see invisible, herbivore, speed 3, slow
metabolism 2
a: Renounce Religion


You were in the Dungeon.
You worshipped Dithmenos.
Dithmenos was aware of your devotion.
You were not hungry.

You visited 1 branch You collected 972 gold pieces.
You spent 332 gold pieces at shops.

Inventory:

Hand Weapons
 a - a +1 dagger (weapon)
Armour
 b - a +0 robe (worn)
Jewellery
 c - a ring of poison resistance (left hand)
Scrolls
 d - a scroll of fog
 l - a scroll of blinking
Potions
 f - a potion of invisibility
 g - a potion of curing
 i - a potion of haste
 j - 2 potions of magic
Comestibles
 e - 2 rations {!d}


   Skills:
 + Level 4.2 Short Blades
 + Level 5.7 Dodging
 - Level 19.5 Stealth
 + Level 12.2 Spellcasting
 + Level 12.5 Hexes


You had 16 spell levels left.
You knew the following spells:

 Your Spells              Type           Power        Failure   Level  Hunger
a - Corona                Hex            #####..      1%          1    None
b - Ensorcelled Hibernat  Hex/Ice        ####..       1%          2    None
c - Confuse               Hex            #####...     1%          3    None
d - Dazzling Orbs         Conj/Hex       ####...      1%          3    None
e - Tukima's Dance        Hex            #####...     1%          3    None
f - Cause Fear            Hex            #####.....   1%          4    None

Your spell library contained the following spells:

 Spells                   Type           Power        Failure   Level  Hunger


Dungeon Overview and Level Annotations

Branches:
Dungeon (1/1)

Altars:
Cheibriados
Dithmenos
Elyvilon
Fedhas
Gozag
Hepliaklqana
Kikubaaqudgha
Lugonu
Makhleb
Nemelex Xobeh
Okawaru
Qazlal
Ru
Sif Muna
Trog
Uskayaw
Vehumet
Wu Jian
Xom
Yredelemnul
Zin
The Shining One
Beogh
Jiyva

Shops:
D :!:[![%=*[*=}(*?

Annotations:
D exclusion: oklob plant, Roxanne


Innate Abilities, Weirdness & Mutations

You are very small and have problems with some larger weapons.
You are too small for most types of armour.
You have supernaturally acute eyesight. (SInv)
You are a herbivore.
You cover ground extremely quickly.
You need to consume almost no food.


Message History

No path to travel!
You feel much better.
The polar bear bites something.
The polar bear closely misses something.
The polar bear claws something but does no damage.
The polar bear bites itself!
The polar bear is killed!
Dithmenos accepts your kill.
You are shrouded in an aura of darkness!
You hear a shout!
Your Short Blades skill increases to level 4!
You have reached level 9!
Your experience leads to an increase in your attributes!
Increase (S)trength, (I)ntelligence, or (D)exterity?
You feel stronger.
No path to travel!
No path to travel!
The hornet stings you.
The yaktaur wields a +0 arbalest.
The yaktaur shoots a bolt.
The bolt hits you!!
Ouch! That really hurt!
You die... .. ##.. #. .##.#### +.### ..# ...# ^..#### .####..## #..##$# ?$$$!

###.##..# +..#c.#▓$$([?
##...#..# #..#y.#▓(($(%
.'.##'..####..##@#▓$($($$%
##...#....###...##▓▓▓▓▓▓▓+
###.##......≈≈≈≈≈≈≈≈≈≈≈≈≈
#####≈§§....≈#'########+###
#†#≈≈≈≈≈≈≈..≈#._._._..#≈≈≈#
.##≈≈≈≈≈≈§≈§≈#.._._._.#§§§§
##≈≈§§≈§≈≈§≈≈#._._._._#§§≈§
≈≈≈≈≈≈≈≈§§≈≈≈#_._._._.#≈≈t
+++#≈§≈≈≈≈≈≈≈#._._._..#§§§


You could see a yaktaur and a hornet.

Vanquished Creatures
  3 polar bears (D)
  2 tyrant leeches (D)
  A blink frog (D)
  4 neqoxecs (D)
  A crocodile (D)
  4 necrophages (D)
  3 worms (D)
18 creatures vanquished.

Vanquished Creatures (others)
  Menkaure (D)
  A crocodile (D)
2 creatures vanquished.

Grand Total: 20 creatures vanquished

Notes
Turn   | Place    | Note
-------+----------+-------------------------------------------
     0 | D        | Groucho the Spriggan Enchanter began the quest for the Orb.
     0 | D        | Reached XP level 1. HP: 9/9 MP: 5/5
     1 | D        | Noticed a neqoxec
     5 | D        | Noticed a necrophage
     5 | D        | Noticed a necrophage
     5 | D        | Noticed a necrophage
     5 | D        | Noticed a necrophage
    13 | D        | Killed a necrophage
    14 | D        | Reached skill level 10 in Stealth
    14 | D        | Reached skill level 5 in Spellcasting
    14 | D        | Reached XP level 2. HP: 13/13 MP: 5/9
    14 | D        | Reached XP level 3. HP: 16/16 MP: 6/11
    14 | D        | Reached XP level 4. HP: 21/21 MP: 6/12
    17 | D        | Killed a necrophage
    18 | D        | Reached skill level 12 in Stealth
    18 | D        | Reached XP level 5. HP: 24/24 MP: 6/15
    22 | D        | Killed a necrophage
    23 | D        | Reached skill level 13 in Stealth
    33 | D        | Killed a crocodile
    34 | D        | Killed a necrophage
    35 | D        | Reached skill level 14 in Stealth
    35 | D        | Reached XP level 6. HP: 13/28 MP: 8/18
    38 | D        | Killed Menkaure
   263 | D        | Noticed a tyrant leech
   263 | D        | Noticed a tyrant leech
   276 | D        | Learned a level 2 spell: Ensorcelled Hibernation
   279 | D        | Killed a tyrant leech
   280 | D        | Reached skill level 16 in Stealth
   280 | D        | Reached XP level 7. HP: 32/32 MP: 17/21
   288 | D        | Killed a tyrant leech
   289 | D        | Reached skill level 17 in Stealth
   289 | D        | Reached skill level 10 in Spellcasting
   289 | D        | Reached skill level 10 in Hexes
   361 | D        | Killed a neqoxec
   362 | D        | Noticed a neqoxec
   363 | D        | Killed a neqoxec
   364 | D        | Reached skill level 18 in Stealth
   364 | D        | Noticed a neqoxec
   364 | D        | Noticed a neqoxec
   366 | D        | Killed a neqoxec
   367 | D        | Reached XP level 8. HP: 36/36 MP: 21/23
   372 | D        | Found Omitwurr's Assorted Antiques.
   373 | D        | Found Ruboiq's Antique Armour Shoppe.
   373 | D        | Found Lonnod's General Store.
   373 | D        | Found Fytseibeyn's Distillery.
   373 | D        | Found Tioschi's Jewellery Shoppe.
   373 | D        | Found Kezaf's Jewellery Shoppe.
   373 | D        | Found Tysiph's Antique Armour Emporium.
   373 | D        | Found Ciymp's Antique Weapon Shoppe.
   373 | D        | Found Tysigonu's Food Emporium.
   373 | D        | Found Omeotiot's Magic Scroll Shoppe.
   373 | D        | Found Wyedi's General Store.
   374 | D        | Found Xakaumoo's Book Shoppe.
   374 | D        | Found Esaa's Gadget Shoppe.
   374 | D        | Found Pueb's Armour Emporium.
   374 | D        | Found Kuanur Bixi's Distillery.
   377 | D        | Noticed an oklob plant
   382 | D        | Reached skill level 19 in Stealth
   382 | D        | Found Podigh's Book Shoppe.
   401 | D        | Bought an uncursed ring of poison resistance for 280 gold
                  | pieces
   438 | D        | Noticed a blink frog
   440 | D        | Killed a blink frog
   486 | D        | Bought a potion of flight for 52 gold pieces
   522 | D        | Noticed Roxanne
   543 | D        | Found a glowing silver altar of Zin.
   544 | D        | Found a glowing golden altar of the Shining One.
   544 | D        | Found a basalt altar of Yredelemnul.
   544 | D        | Found a hide-covered altar of Uskayaw.
   545 | D        | Found a shimmering altar of Xom.
   545 | D        | Found a bloodstained altar of Trog.
   546 | D        | Found an ornate altar of the Wu Jian Council.
   546 | D        | Found a shimmering blue altar of Sif Muna.
   546 | D        | Found a corrupted altar of Lugonu.
   546 | D        | Found a radiant altar of Vehumet.
   546 | D        | Found a burning altar of Makhleb.
   547 | D        | Found a sacrificial altar of Ru.
   547 | D        | Found an ancient bone altar of Kikubaaqudgha.
   547 | D        | Found a white marble altar of Elyvilon.
   549 | D        | Found a stormy altar of Qazlal.
   549 | D        | Found a viscous altar of Jiyva.
   549 | D        | Found a shadowy altar of Dithmenos.
   550 | D        | Found a hazy altar of Hepliaklqana.
   550 | D        | Found a snail-covered altar of Cheibriados.
   552 | D        | Found a roughly hewn altar of Beogh.
   552 | D        | Found a sparkling altar of Nemelex Xobeh.
   552 | D        | Found a blossoming altar of Fedhas.
   552 | D        | Noticed a hornet
   552 | D        | Noticed a polar bear
   553 | D        | Found an iron altar of Okawaru.
   553 | D        | Found an opulent altar of Gozag.
   553 | D        | Noticed a yaktaur
   563 | D        | Became a worshipper of Dithmenos the Shadowed
   574 | D        | Learned a level 3 spell: Confuse
   578 | D        | Learned a level 3 spell: Dazzling Orbs
   582 | D        | Learned a level 3 spell: Tukima's Dance
   587 | D        | Learned a level 4 spell: Cause Fear
   595 | D        | Noticed a polar bear
   595 | D        | Noticed a polar bear
   606 | D        | Killed a polar bear
   610 | D        | Killed a polar bear
   611 | D        | Reached skill level 5 in Dodging
   613 | D        | HP: 1/36 [polar bear (20)]
   614 | D        | Killed a polar bear
   614 | D        | Reached * piety under Dithmenos
   615 | D        | Reached XP level 9. HP: 31/39 MP: 13/26
   615 | D        | Shot with a bolt by a yaktaur

Skill      XL: |  1  2  3  4  5  6  7  8 |
---------------+-------------------------+-----
Stealth        | 10 12 14 16 18 19 | 19.5
Spellcasting   | 5 6 8 9 10 12 | 12.2
Hexes          | 6 7 8 9 11 12 | 12.5
Short Blades   | 4 |  4.2
Dodging        | 5 |  5.7

Action                   |  1- 3 |  4- 6 |  7- 9 || total
-------------------------+-------+-------+-------++-------
Melee: Dagger            |     7 |    23 |    18 ||    48
 Cast: Ensorcelled Hiber |       |     1 |    12 ||    13
       Confuse           |       |       |     4 ||     4
  Use: Potion            |     1 |       |     2 ||     3
 Stab: Sleeping          |       |     3 |     8 ||    11
       Confused          |       |       |     3 ||     3
Armor: Robe              |       |     1 |     1 ||     2
Dodge: Dodged            |     4 |     8 |    18 ||    30
